 Dungeon Crawl Stone Soup version 0.22-a0-772-gac08f70 (webtiles) character file.

96 sking99 the Ruffian (level 4, 0/45 HPs)
             Began as a Troll Monk on July 17, 2018.
             Slain by a gnoll
             ... wielding a +0 spear
              (6 damage)
             ... on level 2 of the Dungeon.
             The game lasted 00:01:35 (761 turns).

sking99 the Ruffian (Troll Monk)                     Turns: 761, Time: 00:01:36

Health: 0/45       AC:  6    Str: 19    XL:     4   Next: 41%
Magic:  3/3        EV: 10    Int:  7    God:
Gold:   17         SH:  0    Dex: 12    Spells: 3/3 levels left

rFire    . . .     SeeInvis .     - Unarmed
rCold    . . .     Gourm    +   (no shield)
rNeg     . . .     Faith    .   a - +0 robe
rPois    .         Spirit   .   (helmet restricted)
rElec    .         Reflect  .   c - +0 cloak
rCorr    .         Harm     .   (gloves unavailable)
MR       .....                  (boots unavailable)
Stlth    ++........             (no amulet)
HPRegen  0.55/turn              (no ring)
MPRegen  0.08/turn              (no ring)

@: no status effects
A: large, unfitting armour, claws 3, fast metabolism 3, gourmand, regeneration
1, shaggy fur 1, tough skin 2
a: no special abilities


You were on level 2 of the Dungeon.
You were very full.

You visited 1 branch of the dungeon, and saw 2 of its levels.

You collected 17 gold pieces.

Inventory:

Armour
 a - a +0 robe (worn)
 c - a +0 cloak (worn)
Scrolls
 f - 2 scrolls of remove curse {unknown}
 i - 2 scrolls of identify {unknown}
 k - a scroll of enchant weapon {unknown}
Potions
 d - 2 potions of magic {unknown}
 e - a potion of brilliance {unknown}
 g - a potion of curing {unknown}
 h - a potion of agility {unknown}
 j - a potion of might {unknown}
Comestibles
 b - 4 rations


   Skills:
 + Level 3.1 Fighting
 - Level 2.6 Dodging
 - Level 1.2 Stealth
 * Level 4.3 Unarmed Combat


You had 3 spell levels left.
You didn't know any spells.
Your spell library was empty.

Dungeon Overview and Level Annotations

Branches:
Dungeon (2/15)

Altars:


Innate Abilities, Weirdness & Mutations

You are too large for most types of armour.
You have claws for hands.
Your metabolism is lightning-fast.
You like to eat raw meat.
Your natural rate of healing is unusually fast.
You are covered in fur. (AC +1)
You have very tough skin. (AC +2)


Message History

The gnoll hits you from afar with a spear.
You scratch Natasha.
Natasha is moderately wounded.
Natasha closely misses you. The gnoll hits you but does no damage.
Natasha barely misses you.
You scratch Natasha.
Natasha is heavily wounded.
Natasha howls an incantation.
You feel troubled. Natasha claws you.
The gnoll hits you from afar with a spear!
* * * LOW HITPOINT WARNING * * *
You mangle Natasha!!
You kill Natasha!
Natasha yowls pathetically as she dies!
The gnoll misses you. The gnoll hits you with a spear!
* * * LOW HITPOINT WARNING * * *
The gnoll hits you from afar with a spear.
You die...

#.....>......#...........
#.).....................#
#######..#........### .......#
.................######......#
.................g...........##
.......#######..###............
......## #...######g........
......# #(#..#.............
......# #.##@#.............
......# ## #g#......##.....
......# #.g...s..# .....
......# ###g.....# .... #######
#......# .... #.....?# #......#
#......# #......#


You could see 3 gnolls.

Vanquished Creatures
  Natasha (D:2)
  3 gnolls (D:2)
  2 adders (D:2)
  A leopard gecko (D:2)
  4 bats (D:1)
  2 goblins
  5 hobgoblins
  2 jackals (D:1)
  A kobold (D:1)
  A frilled lizard (D:1)
  3 rats (D:1)
25 creatures vanquished.

Notes
Turn   | Place    | Note
-------+----------+-------------------------------------------
     0 | D:1      | sking99 the Troll Monk began the quest for the Orb.
     0 | D:1      | Reached XP level 1. HP: 22/22 MP: 0/0
   270 | D:1      | Reached XP level 2. HP: 18/29 MP: 1/1
   617 | D:2      | Reached XP level 3. HP: 30/36 MP: 2/2
   695 | D:2      | Reached skill level 4 in Unarmed Combat
   720 | D:2      | Reached XP level 4. HP: 45/45 MP: 3/3
   745 | D:2      | Noticed Natasha
   759 | D:2      | Killed Natasha
   761 | D:2      | Slain by a gnoll

Vault maps used:
D:1:      ncdulo_smallfort
D:2:      uniq_crazy_yiuf_cottage, uniq_natasha

Skill      XL: |  1  2  3 |
---------------+----------+-----
Fighting       | 3 |  3.1
Unarmed Combat | 4 |  4.3
Dodging        | |  2.6
Stealth        | |  1.2

Action                   |  1- 3 |  4- 6 || total
-------------------------+-------+-------++-------
Melee: Unarmed           |    78 |     5 ||    83
 Stab: Sleeping          |     3 |       ||     3
  Eat: Chunk             |    10 |     2 ||    12
Armor: Robe              |    32 |     1 ||    33
Dodge: Dodged            |    40 |     3 ||    43

Table legend:
 A = Spawn XP
 B = Non-spawn XP
 C = Spawn XP percentage of total XP
 D = Spawn monster count
 E = Non-spawn monster count
 F = Spawn count percentage of total count
 G = Total turns spent on level
                    A         B        C        D         E        F      G
               +---------+---------+-------+---------+---------+-------+---------
         Total |       0 |     138 |   0.0 |       0 |      25 |   0.0 |   761
               +---------+---------+-------+---------+---------+-------+---------
           D:1 |       0 |      23 |   0.0 |       0 |      14 |   0.0 |   568
           D:2 |       0 |     115 |   0.0 |       0 |      11 |   0.0 |   193
               +---------+---------+-------+---------+---------+-------+---------
